 Dungeon Crawl Stone Soup version 0.31-a0-851-g7ff8af7976 (webtiles) character file.

Game seed: 2199030040417023696

4729 croobank the Covert (level 10, 0/82 HPs)
             Began as a Gnoll Delver on Oct 5, 2023.
             Was an Initiate of Ashenzari.
             Slain by a killer bee (6 damage)
             ... on level 9 of the Dungeon on Oct 6, 2023.
             The game lasted 00:42:21 (9804 turns).

croobank the Covert (Gnoll Delver)                  Turns: 9804, Time: 00:42:21

Health: 0/82       AC:  6    Str: 12    XL:     10   Next: 46%
Magic:  18/18      EV: 14    Int: 14    God:    Ashenzari [......]
Gold:   503        SH:  6    Dex: 13    Spells: 19/19 levels left

rFire   + + .        u - +2 morningstar (spect)
rCold   + . .        K - +1 buckler
rNeg    . . .        G - +0 steam dragon scales
rPois   +            (helmet currently unavailable)
rElec   +            (cloak currently unavailable)
rCorr   +            (gloves currently unavailable)
SInv    .            (boots currently unavailable)
Will    .....        O - amulet of the acrobat
Stlth   +++++        A - ring of protection from fire
HPRegen 0.33/turn    b - ring of resist corrosion
MPRegen 0.16/turn

%: acrobat
@: lethally poisoned (0 -> -9), beast-form, resistant
A: beast (slay +2), fangs 1, strong nose, distributed training
a: Begin Untransformation, Renounce Religion, Curse Item


You were on level 9 of the Dungeon.
You worshipped Ashenzari.
Ashenzari was noncommittal.
You were a hulking beast.
You visited 1 branch of the dungeon, and saw 9 of its levels.

You collected 503 gold pieces.

Inventory:

Hand Weapons
 a - a +0 short sword
 h - a +1 short sword of venom
 p - a +0 orcbow
 q - a +2 scimitar
 u - a +2 spectral morningstar (weapon)
 F - a +4 short sword of freezing
 J - a +3 trident of protection
Missiles
 t - 3 poisoned darts
 B - a curare-tipped dart
 I - a throwing net (quivered)
Armour
 l - a +0 chain mail of willpower
 n - a +0 ring mail
 G - +0 steam dragon scales (worn)
 K - a +1 buckler (worn)
Magical Staves
 e - a staff of poison
 C - a staff of air
Jewellery
 b - a ring of resist corrosion (right hand)
 A - a ring of protection from fire (left hand)
 O - an amulet of the acrobat (around neck)
Talismans
 f - a beast talisman (active)
Wands
 g - a wand of digging (3)
 y - a wand of roots (8)
Scrolls
 c - 3 scrolls of fog
 d - 2 scrolls of revelation
 j - 2 scrolls of immolation
 o - a scroll of vulnerability
 r - 6 scrolls of teleportation
 s - 3 scrolls of torment
 E - 2 scrolls of fear
 L - a scroll of blinking
 M - a scroll of poison
Potions
 i - 5 potions of brilliance
 k - a potion of degeneration
 m - 3 potions of enlightenment
 w - a potion of ambrosia
 x - a potion of lignification
 z - 2 potions of attraction
 D - a potion of invisibility
 H - 2 potions of berserk rage


   Skills:
 + Level 8.6 Fighting
 + Level 7.1 Short Blades
 + Level 5.4 Long Blades
 + Level 5.4 Axes
 + Level 5.4 Maces & Flails
 + Level 5.4 Polearms
 + Level 5.4 Staves
 + Level 5.4 Ranged Weapons
 + Level 5.4 Throwing
 + Level 5.4 Armour
 + Level 7.1 Dodging
 + Level 11.0 Stealth
 + Level 5.4 Shields
 + Level 5.4 Unarmed Combat
 + Level 5.4 Spellcasting
 + Level 4.4 Conjurations
 + Level 4.4 Hexes
 + Level 4.4 Summonings
 + Level 4.4 Necromancy
 + Level 4.4 Translocations
 + Level 4.4 Transmutations
 + Level 4.4 Fire Magic
 + Level 4.4 Ice Magic
 + Level 4.4 Air Magic
 + Level 4.4 Earth Magic
 + Level 4.4 Poison Magic
 + Level 5.9 Invocations
 + Level 5.4 Evocations
 + Level 4.9 Shapeshifting


You had 19 spell levels left.
You didn't know any spells.
Your spell library contained the following spells:

 Spells                   Type           Power      Damage    Failure   Level
 Cigotuvi's Dreadful Rot  Necr/Pois/Air  32%        N/A       5%          2
 Dispel Undead            Necr           16%        3d10      34%         4
 Summon Forest            Summ/Tloc      8%         N/A       69%         5
 Bombard                  Conj/Erth      8%         9d2       99%         6
 Death Channel            Necr           8%         N/A       99%         6
 Starburst                Conj/Fire      8%         6d4       99%         6


Dungeon Overview and Level Annotations

Branches:
Dungeon (9/15)             Temple (0/1) D:6            Lair (0/5) D:8
    Orc: D:9-12

Altars:
Ashenzari
Dithmenos
Elyvilon
Hepliaklqana
Nemelex Xobeh
Sif Muna

Shops:
D:5 *   D:8 (

Annotations:
D:5 1 transporter
D:7 1 runed translucent door, Crazy Yiuf


Innate Abilities, Weirdness & Mutations

You are a hulking beast.
Your limbs bulge with bestial killing power. (Slay +2)
You have very sharp teeth.
Your uncanny sense of smell can sniff out nearby items.
Your experience applies equally to all skills.


Message History

You block the killer bee's attack. The killer bee misses you.
The killer bee barely misses your +2 spectral morningstar. x2
The killer bee closely misses you. x2; The killer bee misses you.
The killer bee barely misses you.
The killer bee stings your +2 spectral morningstar.
Your spectral weapon shares its damage with you!
You miss the killer bee.
The killer bee is almost dead.
Your +2 spectral morningstar barely misses the killer bee.
You feel very sick. The killer bee stings you!
The killer bee barely misses you. The killer bee closely misses you.
The killer bee stings you! The killer bee stings you.
The killer bee stings you but does no damage.
You barely miss the killer bee.
Your +2 spectral morningstar hits the killer bee.
You feel sick. You block the killer bee's attack. x2
The killer bee closely misses you.
The killer bee stings you but does no damage. x2
The killer bee stings you. The killer bee barely misses you.
The killer bee stings you but does no damage.
The killer bee barely misses you.
You sock the killer bee!
You kill the killer bee!
Your +2 spectral morningstar disappears.
You feel sick. The killer bee stings you. The killer bee closely misses you. x2
The killer bee stings you.
* * * LOW HITPOINT WARNING * * *
You miss the killer bee.
The killer bee is moderately wounded.
Your +2 spectral morningstar misses the killer bee.
You feel sick. The killer bee stings you.
* * * LOW HITPOINT WARNING * * *
You are more poisoned.
The killer bee poisons you! The killer bee stings you.
* * * LOW HITPOINT WARNING * * *
The killer bee stings you.
* * * LOW HITPOINT WARNING * * *
The killer bee stings you.
You die...

#...)#............
#?.#....#............
#..#....#.#####......
#..#>.###.#...#......
#..####...#...#......
#.........#...#......
#.........#...#......
#####..(yy....#...#.#####
........h.....'...#.#
..............#####.#
..............<.....#
...................##
......######.......#
...... #.......# ......
#.......+ ......
#.....### ..... #.....#


You could see 2 killer bees and a friendly +2 spectral morningstar.

Vanquished Creatures
  A two-headed ogre (D:9)
  A hornet (D:6)
  Sigmund (D:2)
  4 steam dragons
  Menkaure (D:4)
  A water moccasin (D:6)
  3 sky beasts
  A black bear (D:7)
  2 ice beasts (D:6)
  3 ogres
  2 centaurs
  A kobold brigand (D:6)
  3 bullfrogs
  2 gnoll sergeants
  A scorpion (D:5)
  4 wights (D:7)
  7 killer bees
  3 howler monkeys (D:7)
  A jelly (D:7)
  5 orc priests
  A gnoll bouda (D:6)
  2 hounds
  2 iguanas
  13 orc wizards
  19 gnolls
  5 adders
  A shadow imp (D:8)
  3 worms
  3 dart slugs
  24 orcs
  A ball python (D:3)
  2 endoplasms
  2 giant cockroaches
  7 goblins
  13 hobgoblins
  7 jackals
  7 quokkas
  13 bats
  4 frilled lizards
  14 kobolds
  3 rats (D:1)
193 creatures vanquished.

Vanquished Creatures (others)
  A spectral weapon (D:7)
1 creature vanquished.

Grand Total: 194 creatures vanquished

Notes
Turn   | Place    | Note
-------+----------+-------------------------------------------
     0 | D:5      | Reached skill level 9 in Stealth
     0 | D:5      | croobank the Gnoll Delver began the quest for the Orb.
     0 | D:5      | Reached XP level 1. HP: 23/23 MP: 1/1
     4 | D:6      | Noticed an ogre
     9 | D:6      | Noticed a hound
   153 | D:3      | Reached XP level 2. HP: 22/29 MP: 2/2
   374 | D:2      | Noticed Sigmund
   413 | D:2      | Killed Sigmund
   414 | D:2      | Reached skill level 1 in Long Blades
   414 | D:2      | Reached skill level 1 in Axes
   414 | D:2      | Reached skill level 1 in Maces & Flails
   414 | D:2      | Reached skill level 1 in Polearms
   414 | D:2      | Reached skill level 1 in Staves
   414 | D:2      | Reached skill level 1 in Ranged Weapons
   414 | D:2      | Reached skill level 1 in Throwing
   414 | D:2      | Reached skill level 1 in Armour
   414 | D:2      | Reached skill level 1 in Shields
   414 | D:2      | Reached skill level 1 in Unarmed Combat
   414 | D:2      | Reached skill level 1 in Spellcasting
   414 | D:2      | Reached skill level 1 in Conjurations
   414 | D:2      | Reached skill level 1 in Hexes
   414 | D:2      | Reached skill level 1 in Summonings
   414 | D:2      | Reached skill level 1 in Necromancy
   414 | D:2      | Reached skill level 1 in Translocations
   414 | D:2      | Reached skill level 1 in Transmutations
   414 | D:2      | Reached skill level 1 in Fire Magic
   414 | D:2      | Reached skill level 1 in Ice Magic
   414 | D:2      | Reached skill level 1 in Air Magic
   414 | D:2      | Reached skill level 1 in Earth Magic
   414 | D:2      | Reached skill level 1 in Poison Magic
   414 | D:2      | Reached skill level 1 in Invocations
   414 | D:2      | Reached skill level 1 in Evocations
   414 | D:2      | Reached skill level 1 in Shapeshifting
   414 | D:2      | Reached XP level 3. HP: 23/35 MP: 2/5
   414 | D:2      | Reached XP level 4. HP: 27/41 MP: 2/6
   414 | D:2      | Reached XP level 5. HP: 31/47 MP: 2/7
   985 | D:1      | Found a faded altar of an unknown god.
   992 | D:1      | Prayed at the altar of an unknown god.
   992 | D:1      | Became a worshipper of Ashenzari the Shackled
  1863 | D:2      | Found a hazy altar of Hepliaklqana.
  2372 | D:3      | Reached XP level 6. HP: 53/53 MP: 8/8
  2509 | D:3      | Reached skill level 5 in Short Blades
  2509 | D:3      | Reached skill level 5 in Dodging
  3807 | D:4      | Noticed Menkaure
  3816 | D:4      | Killed Menkaure
  3817 | D:4      | Reached XP level 7. HP: 34/60 MP: 10/10
  4263 | D:4      | Found a shimmering blue altar of Sif Muna.
  4344 | D:5      | Got a graven book
  4418 | D:5      | Reached skill level 10 in Stealth
  4861 | D:5      | Reached XP level 8. HP: 46/67 MP: 12/12
  5233 | D:5      | Found a sparkling altar of Nemelex Xobeh.
  5233 | D:5      | Found a transporter.
  5234 | D:5      | Noticed a hornet
  5598 | D:5      | Found Tushraew's Elemental Accessories.
  5774 | D:6      | Found a shadowy altar of Dithmenos.
  5785 | D:6      | Noticed a hornet
  5787 | D:6      | Found a white marble altar of Elyvilon.
  5854 | D:6      | Killed a hornet
  5934 | D:6      | Found a staircase to the Ecumenical Temple.
  6136 | D:6      | Reached XP level 9. HP: 73/73 MP: 14/14
  7248 | D:7      | Reached skill level 5 in Invocations
  7873 | D:7      | Found a runed translucent door.
  7874 | D:7      | Noticed Crazy Yiuf
  8189 | D:8      | Found Jouruwyd's Antique Weapon Boutique.
  9007 | D:8      | Reached XP level 10. HP: 78/80 MP: 17/17
  9131 | D:8      | Found a staircase to the Lair.
  9193 | D:8      | Reached skill level 5 in Long Blades
  9193 | D:8      | Reached skill level 5 in Axes
  9193 | D:8      | Reached skill level 5 in Maces & Flails
  9193 | D:8      | Reached skill level 5 in Polearms
  9193 | D:8      | Reached skill level 5 in Staves
  9193 | D:8      | Reached skill level 5 in Ranged Weapons
  9193 | D:8      | Reached skill level 5 in Throwing
  9193 | D:8      | Reached skill level 5 in Armour
  9193 | D:8      | Reached skill level 5 in Shields
  9193 | D:8      | Reached skill level 5 in Unarmed Combat
  9193 | D:8      | Reached skill level 5 in Spellcasting
  9193 | D:8      | Reached skill level 5 in Evocations
  9761 | D:9      | Noticed a two-headed ogre
  9767 | D:9      | Killed a two-headed ogre
  9768 | D:9      | Reached skill level 11 in Stealth
  9804 | D:9      | Slain by a killer bee

Illustrated notes

Levels and vault maps discovered:
D:1:      zaba_arrival_water, layout_basic,
          hellmonk_ecumenical_altar_defaced_shrine, minmay_gold_behind_fungi,
          minmay_bisected
D:2:      layout_basic, serial_forest, infiniplex_forest_straight_3,
          infiniplex_forest_zigzag_1, infiniplex_forest_lined_room_3,
          infiniplex_forest_clump_small, infiniplex_forest_corner_2,
          infiniplex_forest_lined_3, infiniplex_forest_straight_2,
          infiniplex_forest_straight_4, basic_altar, kennysheep_minor_cross,
          uniq_sigmund
D:3:      layout_loops_ring, grunt_decor_one_mirror, kennysheep_small_spiral,
          kennysheep_pointless_box
D:4:      layout_loops_cross, mainiacjoe_overflow_catwalk,
          nicolae_figureground_pulse, uniq_menkaure
D:5:      layout_cave_pools, grunt_nemelex_the_gamble, serial_glass,
          glass_columns_b, glass_columns_a, nicolae_elemental_shop
D:6:      layout_basic, nicolae_dithmenos_through_a_glass_darkly,
          mainiacjoe_overflow_tiny_flanked, temple_green
D:7:      layout_loops_ring, uniq_crazy_yiuf_cottage
D:8:      minmay_flawed_box, layout_cave_pools, dpeg_oklobed_lair, serial_shops,
          shop, feat_on_display
D:9:      layout_irregular_city, kennysheep_little_box,
          mainiacjoe_overflow_catch_the_wave

Skill      XL: |  1  2  3  4  5  6  7  8  9 10 |
---------------+-------------------------------+-----
Stealth        | 10 11 | 11.0
Long Blades    | 1 2 3 4 5 |  5.4
Axes           | 1 2 3 4 5 |  5.4
Maces & Flails | 1 2 3 4 5 |  5.4
Polearms       | 1 2 3 4 5 |  5.4
Staves         | 1 2 3 4 5 |  5.4
Ranged Weapons | 1 2 3 4 5 |  5.4
Throwing       | 1 2 3 4 5 |  5.4
Armour         | 1 2 3 4 5 |  5.4
Shields        | 1 2 3 4 5 |  5.4
Unarmed Combat | 1 2 3 4 5 |  5.4
Spellcasting   | 1 2 3 4 5 |  5.4
Conjurations   | 1 2 3 4 |  4.4
Hexes          | 1 2 3 4 |  4.4
Summonings     | 1 2 3 4 |  4.4
Necromancy     | 1 2 3 4 |  4.4
Translocations | 1 2 3 4 |  4.4
Transmutations | 1 2 3 4 |  4.4
Fire Magic     | 1 2 3 4 |  4.4
Ice Magic      | 1 2 3 4 |  4.4
Air Magic      | 1 2 3 4 |  4.4
Earth Magic    | 1 2 3 4 |  4.4
Poison Magic   | 1 2 3 4 |  4.4
Invocations    | 1 2 3 4 5 |  5.9
Evocations     | 1 2 3 4 5 |  5.4
Shapeshifting  | 1 2 3 4 |  4.9
Short Blades   | 5 6 7 |  7.1
Dodging        | 5 6 7 |  7.1
Fighting       | 7 8 |  8.6

Action                     |  1- 3 |  4- 6 |  7- 9 | 10-12 || total
---------------------------+-------+-------+-------+-------++-------
  Melee: Short sword       |    99 |   161 |   249 |       ||   509
         Bite              |     8 |    12 |    39 |     6 ||    65
         Punch             |       |     1 |     8 |       ||     9
         Morningstar       |       |       |    56 |    62 ||   118
  Throw: Dart              |       |       |     8 |       ||     8
         Throwing net      |       |       |     3 |     1 ||     4
  Evoke: Wand              |       |     6 |     7 |       ||    13
    Use: Scroll            |     1 |     8 |     8 |     2 ||    19
         Potion            |     2 |       |     4 |     2 ||     8
   Stab: Sleeping          |     3 |    19 |    11 |     5 ||    38
         Distracted        |       |     1 |     1 |     1 ||     3
         Held in net/web   |       |       |     1 |       ||     1
 Armour: Leather armour    |    17 |    66 |   119 |       ||   202
         Skin              |     4 |       |       |       ||     4
         Steam dragon scal |       |       |    14 |    55 ||    69
  Dodge: Dodged            |    38 |    86 |   168 |    57 ||   349
  Block: Buckler           |       |       |       |    26 ||    26
   Form: Beast             |       |     1 |       |       ||     1

Table legend: (Time is in decaauts)
 A = Elapsed time spent in this place.
 B = Non-inter-level travel time spent in this place.
 C = Inter-level travel time spent in this place.
 D = Time resting spent in this place.
 E = Time spent auto-exploring this place.
 F = Levels seen in this place.
 G = Mean time per level.
                   A        B        C        D        E       F      G
               +--------+--------+--------+--------+--------+-----+--------+
         Total |   9722 |   9078 |    644 |   2398 |   4600 |   9 | 1080.2 |
       Dungeon |   9722 |   9078 |    644 |   2398 |   4600 |   9 | 1080.2 |
               +--------+--------+--------+--------+--------+-----+--------+

Top non-repeatable levels by time:
     D:7: 1821 daAuts
     D:1: 1292 daAuts
     D:6: 1177 daAuts
     D:3: 1160 daAuts
     D:5: 1139 daAuts
     D:2: 1132 daAuts
     D:4: 1007 daAuts
     D:8: 749 daAuts
     D:9: 241 daAuts
